 Dungeon Crawl Stone Soup version 0.18.1-6-gd335043 (webtiles) character file.

1262 epen the Skirmisher (level 8, -1/61 HPs)
             Began as a Demonspawn Wanderer on May 20, 2016.
             Slain by Grinder (6 damage)
             ... on level 6 of the Dungeon.
             The game lasted 00:12:53 (7117 turns).

epen the Skirmisher (Demonspawn Wanderer)           Turns: 7117, Time: 00:12:54

Health: -1/61      AC:  9    Str: 17    XL:     8   Next: 27%
Magic:  8/8        EV: 12    Int: 13    God:
Gold:   326        SH:  0    Dex: 11    Spells: 0 memorised, 7 levels left

rFire  + + .     SeeInvis .       - Unarmed
rCold  . . .     Gourm    .     p - +0 ring mail {rF+}
rNeg   . . .     Faith    .     (no shield)
rPois  .         Spirit   .     (helmet restricted)
rElec  .         Dismiss  .     (no cloak)
rCorr  .         Reflect  .     u - +1 pair of gloves
SustAt .         Harm     .     (no boots)
MR     .....                    (no amulet)
Stlth  +.........               (no ring)
                                e - +3 ring of protection

@: drained, not resistant to hostile enchantments, very unstealthy
A: horns 1, talons 1, molten scales 1, deformed body, fire resistance 1, no
device heal 1
a: no special abilities


You were on level 6 of the Dungeon.
You were very hungry.

You visited 1 branch of the dungeon, and saw 6 of its levels.

You collected 326 gold pieces.

Inventory:

Hand Weapons
 a - a +2 hand crossbow
 C - a +2 great sword
Missiles
 b - 9 bolts
Armour
 d - a +0 robe
 l - a +0 scale mail
 p - a +0 ring mail of fire resistance (worn)
 u - a +1 pair of gloves (worn)
 y - a +0 helmet
 D - a +0 robe of fire resistance
Magical Staves
 q - an uncursed staff of death
Jewellery
 e - a +3 ring of protection (left hand)
Wands
 c - a wand of confusion (35/48)
Scrolls
 g - a scroll of identify
 j - 2 scrolls of remove curse
 v - a scroll of amnesia
 x - a scroll of enchant armour
 B - a scroll of teleportation
Potions
 h - 2 potions of lignification
 k - 2 potions of might
 t - a potion of berserk rage
 z - a potion of brilliance
 A - a potion of invisibility
Comestibles
 f - 4 bread rations
 i - a meat ration
 r - 2 slices of pizza


   Skills:
 + Level 4.6(4.3) Fighting
   Level 1.0(0.7) Axes
 + Level 3.9(3.7) Crossbows
 + Level 2.8(2.6) Throwing
 + Level 3.4(3.2) Armour
 * Level 4.3(4.1) Dodging
 - Level 1.0(0.7) Stealth
 * Level 4.3(4.1) Unarmed Combat


You had 7 spell levels left.
You didn't know any spells.

Dungeon Overview and Level Annotations

Branches:
Dungeon (6/15)             Temple (0/1) D:6

Altars:
Cheibriados
Dithmenos
Nemelex Xobeh

Annotations:
D:1 Natasha
D:6 Grinder


Innate Abilities, Weirdness & Mutations

You have sharp toenails.
You are partially covered in molten scales (AC +1).
Your flesh is heat resistant.
You have a pair of small horns on your head.
Armour fits poorly on your strangely shaped body.
Potions and wands are less effective at restoring your health.


Message History

* * * LOW HITPOINT WARNING * * *
You closely miss the crimson imp. Your kick misses the crimson imp.
The crimson imp is severely wounded.
The crimson imp barely misses you. Grinder hits you.
* * * LOW HITPOINT WARNING * * *
You writhe in agony. x2
Grinder blinks!
The crimson imp throws a stone.
The stone closely misses you.
The crimson imp throws a stone.
The stone hits you but does no damage.
You see here a stone.
The crimson imp throws a stone.
The stone hits you but does no damage.
You see here a stone.
Grinder says, "Just stop there for a second..."
You barely miss Grinder.
Grinder is lightly wounded.
Grinder barely misses you. Grinder hits you.
* * * LOW HITPOINT WARNING * * *
You writhe in agony.
You die...

#######......,,,,* *,,,
#.....#....#****,****,**
#.....#....# *,,,,,,*
#..........# *,,,,,,*
#.....♣.♣..# *,##.#**
#......>.(.#####.....,**
###...♣.♣..†..[.(#*,**,,
#.#.....###.##.#*,**,,
#.###@5###..5..#*,**,,
#...##.# #..####*,**,,
###.##.###(..####,**,,
#.##...(........***,
#.######.#.#####,,,, #.#
#.#.# #.#** #.# #.#.#
#.# #.# #.#.# #.# # #.#
#.#.# #.# #


You could see Grinder.

Vanquished Creatures
  A phantom (D:4)
  3 ogres (D:4)
  A scorpion (D:4)
  4 wights (D:6)
  A vampire bat (D:4)
  A crimson imp (D:5)
  2 orc priests
  2 hounds (D:4)
  5 orc wizards
  An iguana (D:6)
  A worker ant (D:4)
  2 hound skeletons (D:4)
  4 gnolls (D:3)
  7 adders
  A shadow imp (D:5)
  An ooze (D:3)
  An adder skeleton (D:5)
  4 worms
  3 dart slugs
  3 fire bats (D:4)
  4 giant geckos
  18 orcs
  2 spectral bats (D:4)
  3 bat skeletons (D:4)
  A bat zombie (D:4)
  5 giant cockroaches
  5 goblins
  5 hobgoblins
  2 jackals (D:1)
  3 kobolds
  3 quokkas
  A ball python (D:1)
  A ball python skeleton (D:4)
  16 bats
  A bat simulacrum (D:4)
  6 giant newts
  A quokka skeleton (D:4)
  7 rats
132 creatures vanquished.

Notes
Turn   | Place    | Note
--------------------------------------------------------------
     0 | D:1      | epen the Demonspawn Wanderer began the quest for the Orb.
     0 | D:1      | epen set off with: a +2 hand crossbow, 23 bolts, 2 potions of curing, a +0 robe, a bread ration
     0 | D:1      | Reached XP level 1. HP: 18/18 MP: 1/1
   122 | D:1      | Gained mutation: You have sharp toenails. [demonic ancestry]
   122 | D:1      | Reached XP level 2. HP: 24/24 MP: 2/2
   638 | D:1      | Reached XP level 3. HP: 29/29 MP: 3/3
   731 | D:2      | Reached skill level 1 in Dodging
   776 | D:2      | Reached skill level 1 in Unarmed Combat
   907 | D:2      | Found a shadowy altar of Dithmenos.
  1084 | D:2      | Noticed Natasha
  1424 | D:2      | Reached XP level 4. HP: 35/35 MP: 4/4
  1449 | D:2      | Found a sparkling altar of Nemelex Xobeh.
  1505 | D:2      | Found a snail-covered altar of Cheibriados.
  1833 | D:3      | Reached XP level 5. HP: 41/41 MP: 5/5
  2631 | D:4      | Noticed an ogre
  2639 | D:4      | Killed an ogre
  2639 | D:4      | Gained mutation: Your flesh is heat resistant. [demonic ancestry]
  2639 | D:4      | Reached XP level 6. HP: 47/47 MP: 6/6
  3132 | D:1      | HP: 2/47 [orc/hand axe (2)]
  3474 | D:3      | Gained mutation: You are partially covered in molten scales (AC +1). [demonic ancestry]
  3474 | D:3      | Reached XP level 7. HP: 18/53 MP: 7/7
  4720 | D:5      | Entered Level 5 of the Dungeon
  6032 | D:5      | Reached XP level 8. HP: 58/61 MP: 8/8
  6849 | D:6      | Gained mutation: You have a pair of small horns on your head. [potion of mutation]
  6849 | D:6      | Gained mutation: Armour fits poorly on your strangely shaped body. [potion of mutation]
  6849 | D:6      | Gained mutation: Potions and wands are less effective at restoring your health. [potion of mutation]
  7051 | D:6      | Found a staircase to the Ecumenical Temple.
  7056 | D:6      | Noticed Grinder
  7072 | D:6      | Paralysed by Grinder for 3 turns
  7117 | D:6      | Slain by Grinder

Skill      XL: |  1  2  3  4  5  6  7 |
---------------+----------------------+-----
Crossbows      | 2 3 |  3.9
Dodging        | 1 2 3 4 |  4.3
Unarmed Combat | 1 2 4 |  4.3
Armour         | 2 3 |  3.4
Throwing       | 2 |  2.8
Fighting       | 4 |  4.6
Axes           | |  1.0
Stealth        | |  1.0

Action                   |  1- 3 |  4- 6 |  7- 9 || total
-------------------------+-------+-------+-------++-------
Melee: Unarmed           |     3 |    24 |   391 ||   418
       Kick              |     1 |     7 |   111 ||   119
       Punch             |       |       |     3 ||     3
       Great sword       |       |       |    18 ||    18
       Headbutt          |       |       |     3 ||     3
 Fire: Hand crossbow     |    73 |   123 |    62 ||   258
  Use: Potion            |       |     4 |     3 ||     7
       Scroll            |       |     1 |    13 ||    14
  Eat: Chunk             |       |     5 |     5 ||    10
       Meat ration       |       |     1 |       ||     1
       Royal jelly       |       |       |     1 ||     1
       Pizza             |       |       |     1 ||     1
Armor: Robe              |     3 |       |       ||     3
       Scale mail        |     4 |       |    29 ||    33
       Ring mail         |       |    27 |   143 ||   170
       Skin              |       |     9 |     1 ||    10
Dodge: Dodged            |    21 |    45 |   290 ||   356
